 Dungeon Crawl Stone Soup version 0.19-a0-916-g8ae7e35 (webtiles) character file.

611 GlaceonGamingDJ the Skirmisher (level 7, -3/55 HPs)
             Began as a Demonspawn Chaos Knight on July 5, 2016.
             Slain by a water moccasin (6 damage)
             ... on level 7 of the Dungeon.
             The game lasted 00:21:18 (2897 turns).

GlaceonGamingDJ the Skirmisher (DsCK)               Turns: 2897, Time: 00:21:19

Health: -3/55      AC: 11    Str: 14    XL:     7   Next: 20%
Magic:  0/7        EV: 14    Int: 13    God:    Xom [..*...]
Gold:   121        SH:  0    Dex: 15    Spells: 0 memorised, 6 levels left

rFire  . . .     SeeInvis .     a - +0 hand axe (chaos)
rCold  + . .     Gourm    .     b - +2 leather armour
rNeg   . . .     Faith    .     (no shield)
rPois  .         Spirit   +     (helmet restricted)
rElec  .         Dismiss  .     (no cloak)
rCorr  .         Reflect  .     (no gloves)
SustAt .         Harm     .     (no boots)
MR     .....                    (no amulet)
Stlth  ++........               (no ring)
                                (no ring)

@: lethally poisoned (-3 -> -3), sanguine armour, not resistant to hostile
enchantments, unstealthy
A: antennae 2, claws 1, agile 1, cold resistance 1, regeneration 1, wild magic
1, magic shield, MP-powered wands, sanguine armour 1
a: Renounce Religion


You were on level 7 of the Dungeon.
You worshipped Xom.
You were a toy of Xom.
You were hungry.

You visited 1 branch of the dungeon, and saw 5 of its levels.

You collected 121 gold pieces.

Inventory:

Hand Weapons
 a - a +0 hand axe of chaos (weapon)
Armour
 b - a +2 leather armour (worn)
Jewellery
 f - an uncursed ring of resist corrosion {unknown}
Scrolls
 g - a scroll of noise {unknown}
 j - a scroll of enchant weapon {unknown}
Potions
 e - a potion of invisibility {unknown}
 i - a potion of heal wounds
Comestibles
 c - 5 bread rations
 d - 2 fruits
 h - a meat ration


   Skills:
 + Level 4.7 Fighting
 + Level 4.1 Axes
 + Level 3.1 Armour
 + Level 4.0 Dodging
 + Level 2.0 Stealth


You had 6 spell levels left.
You didn't know any spells.

Dungeon Overview and Level Annotations

Branches:
Dungeon (4/15)
 Temple: D:4-7

Altars:
Gozag
Hepliaklqana
Kikubaaqudgha
Pakellas
Trog
Xom
Zin
The Shining One


Innate Abilities, Weirdness & Mutations

You have a pair of antennae on your head.
When hurt, damage is shared between your health and your magic reserves.
When seriously injured, your bleeding wounds create armour. (AC +6)
You have sharp fingernails.
You are agile. (Dex +2)
Your flesh is cold resistant. (rC+)
Your natural rate of healing is unusually fast.
Your spells are a little harder to cast, but a little more powerful.
You expend magic power (3 MP) to strengthen your wands.


Message History

The water moccasin bites you but does no damage.
The water moccasin bites you.
* * * LOW HITPOINT WARNING * * *
You miss the water moccasin.
The water moccasin is moderately wounded.
You are now a toy of Xom.
The water moccasin barely misses you.
You closely miss the water moccasin.
The water moccasin is moderately wounded.
You feel sick. The water moccasin bites you.
* * * LOW HITPOINT WARNING * * *
The water moccasin bites you but does no damage.
You barely miss the water moccasin.
The water moccasin is lightly wounded.
The water moccasin bites you but does no damage.
You closely miss the water moccasin.
The water moccasin is lightly wounded.
The water moccasin bites you!
You die...
Xom bursts into laughter!

........#..###...#......
........#........#......
........#........#[.....
........#..#######......
........#..#............
........#..#.รท..........
........'..'............
........##'#............
.#####.@S.........###'##
+............#....#
#............#....#
#............######
#..............
#..............
#......##+###.. +......#
.. #......#


You could see a water moccasin.

Vanquished Creatures
  An ogre (D:7)
  A giant frog (D:7)
  2 scorpions
  A hound (D:4)
  An orc priest (D:3)
  Jessica (D:2)
  Ijyb (D:2)
  3 orc wizards
  A worker ant (D:4)
  A gnoll (D:1)
  6 adders
  2 oozes
  2 giant geckos
  14 orcs
  6 bats
  A bat zombie (D:2)
  3 giant cockroaches
  8 goblins
  4 hobgoblins
  6 jackals
  6 kobolds
  2 quokkas
  3 giant newts
  7 rats
  2 rat zombies (D:2)
85 creatures vanquished.

Notes
Turn   | Place    | Note
-------+----------+-------------------------------------------
     0 | D:1      | GlaceonGamingDJ the Demonspawn Chaos Knight began the quest for the Orb.
     0 | D:1      | Reached XP level 1. HP: 18/18 MP: 1/1
   116 | D:1      | XOM: potion effect (haste)
   126 | D:1      | Gained mutation: You have a pair of small antennae on your head. [demonic ancestry]
   126 | D:1      | Reached XP level 2. HP: 24/24 MP: 2/2
   157 | D:1      | Gained mutation: You have a pair of antennae on your head. [demonic ancestry]
   157 | D:1      | Reached XP level 3. HP: 28/29 MP: 3/3
   325 | D:1      | Reached skill level 1 in Dodging
   376 | D:1      | XOM: divination: detect items
   703 | D:2      | Found a glowing silver altar of Zin.
   706 | D:2      | Noticed Ijyb
   724 | D:2      | Killed Ijyb
   806 | D:2      | Gained mutation: When hurt, damage is shared between your health and your magic reserves. [demonic ancestry]
   806 | D:2      | Reached XP level 4. HP: 25/37 MP: 4/4
   811 | D:2      | Found an opulent altar of Gozag.
  1010 | D:2      | Reached skill level 1 in Stealth
  1016 | D:2      | Found an ancient bone altar of Kikubaaqudgha.
  1073 | D:2      | XOM: 3-stop teleportation journey
  1230 | D:2      | XOM: smoke on damage
  1290 | D:2      | Noticed Jessica
  1297 | D:2      | Killed Jessica
  1582 | D:2      | XOM: scenery: create altars
  1655 | D:2      | XOM: give mutations
  1655 | D:2      | Gained mutation: Your flesh is cold resistant. (rC+) [Xom's grace]
  1655 | D:2      | Gained mutation: Your natural rate of healing is unusually fast. [Xom's grace]
  1655 | D:2      | Gained mutation: You have sharp fingernails. [Xom's grace]
  1655 | D:2      | Gained mutation: You are agile. (Dex +2) [Xom's grace]
  1775 | D:3      | Found a hazy altar of Hepliaklqana.
  1779 | D:3      | Found a glowing golden altar of the Shining One.
  1784 | D:3      | Reached XP level 5. HP: 40/42 MP: 5/5
  1843 | D:3      | XOM: 1-stop teleportation journey
  2007 | D:3      | XOM: confuse monster(s)
  2074 | D:3      | Found a bloodstained altar of Trog.
  2217 | D:3      | XOM: fog
  2300 | D:3      | Found a shimmering altar of Xom.
  2361 | D:4      | Gained mutation: Your spells are a little harder to cast, but a little more powerful. [potion of mutation]
  2361 | D:4      | Gained mutation: You expend magic power (3 MP) to strengthen your wands. [potion of mutation]
  2362 | D:4      | Found an oddly glowing altar of Pakellas.
  2429 | D:4      | XOM: 2-stop teleportation journey
  2458 | D:4      | Gained mutation: When seriously injured, your bleeding wounds create armour. (AC +6) [demonic ancestry]
  2458 | D:4      | Reached XP level 6. HP: 49/49 MP: 4/6
  2650 | D:4      | You fall through a shaft for 3 floors!
  2688 | D:7      | XOM: fog
  2810 | D:7      | XOM: harmless Fire miscast
  2824 | D:7      | Reached XP level 7. HP: 28/55 MP: 1/7
  2869 | D:7      | XOM: confusion
  2873 | D:7      | XOM: polymorph giant frog -> water moccasin
  2877 | D:7      | XOM: enchant monster (bad)
  2895 | D:7      | HP: 2/55 [water moccasin (5)]
  2897 | D:7      | Slain by a water moccasin

Vault maps used:
D:1:      eino_arrival_cavern_d
D:2:      lemuel_crystal_altar, zin_academy, lemuel_zombie_altar_kikubaaqudgha,
          first_bread, uniq_iyjb, uniq_jessica
D:3:      lemuel_coloured_pillars_altar, elyvilon_altar_4,
          grunt_temple_overflow_open, roderic_filled_cross,
          trog_three_pillars_becter
D:4:      makhleb_altar_promises_db, grunt_pakellas_sulfur, tgw_trog,
          nicolae_ru_the_path_less_chosen
D:7:      kennysheep_mini, bh_walls_and_bars

Skill      XL: |  1  2  3  4  5  6  7 |
---------------+----------------------+-----
Armour         | 2 3 |  3.1
Axes           | 3 4 |  4.1
Dodging        | 1 2 3 4 |  4.0
Stealth        | 1 2 |  2.0
Fighting       | 4 |  4.7

Action                   |  1- 3 |  4- 6 |  7- 9 || total
-------------------------+-------+-------+-------++-------
Melee: Hand axe          |    67 |   250 |    19 ||   336
  Use: Potion            |     3 |     6 |       ||     9
       Scroll            |       |     2 |       ||     2
 Stab: Paralysed         |     6 |       |       ||     6
       Petrified         |     2 |       |       ||     2
       Confused          |       |     2 |       ||     2
       Petrifying        |       |     1 |       ||     1
  Eat: Meat ration       |       |     1 |       ||     1
       Beef jerky        |       |     1 |       ||     1
Armor: Leather armour    |    19 |   113 |     7 ||   139
Dodge: Dodged            |    28 |   192 |    19 ||   239
